 Dungeon Crawl Stone Soup version 0.31-a0-1499-ge0622b2318 (webtiles) character file.

Game seed: 690455354623420684

6279 browni3141 the Mimic (level 11, -10/72 (79) HPs)
             Began as a Formicid Shapeshifter on Dec 30, 2023.
             Was a Follower of Ru.
             Mangled by a two-headed ogre
             ... wielding a +0 giant club
              (20 damage)
             ... on level 10 of the Dungeon.
             The game lasted 00:20:38 (11276 turns).

browni3141 the Mimic (Formicid Shapeshifter)       Turns: 11276, Time: 00:20:39

HP:   -10/72 (79)   AC:  9    Str: 18    XL:     11   Next: 15%
MP:   11/11         EV: 10    Int: 11    God:    Ru [*.....]
Gold: 554           SH: 15    Dex: 17    Spells: 10/10 levels left

rFire   + .          .
                       - Unarmed
rCold   . . .        F - +0 kite shield
rNeg    + . .        i - +2 scale mail {rF+}
rPois   .            (helmet unavailable)
rElec   .            (cloak currently unavailable)
rCorr   .            (gloves currently unavailable)
SInv    +            (boots currently unavailable)
Will    +....        r - amulet of reflection Stlth
                     v - ring of positive energy
HPRegen 0.32/turn    (no ring)
MPRegen 0.12/turn

%: reflection
@: beast-form, drained
A: beast (slay +4), permanent stasis, dig shafts and tunnels, antennae 3,
unskilled 1, four strong arms
a: Dig, Shaft Self, Begin Untransformation, Renounce Religion


You were on level 10 of the Dungeon.
You worshipped Ru.
Ru was aware of your devotion.
You were a hulking beast.
You visited 3 branches of the dungeon, and saw 13 of its levels.
You also visited: Ossuary.

You collected 554 gold pieces.

Inventory:

Hand Weapons
 b - a +0 sling
 k - a +1 dagger of electrocution
 B - a +0 dagger of venom
Armour
 a - a +0 animal skin
 i - a +2 scale mail of fire resistance (worn)
 j - a +0 ring mail
 m - a +2 pair of boots
 t - a +0 chain mail
 y - a +2 pair of boots
 z - the +2 pair of gloves of Pride {Harm rF+ Regen+}
   (You found it on level 4 of the Dungeon)

   rF+:       It protects you from fire.
   Regen+:    It increases your rate of health regeneration.
   Harm:      It increases damage dealt and taken.
 C - a +0 plate armour
 F - a +0 kite shield (worn)
Magical Staves
 h - a staff of alchemy
Jewellery
 r - an amulet of reflection (around neck)
 v - a ring of positive energy (left hand)
 A - a ring of fire
 Q - a ring of wizardry
Talismans
 c - a beast talisman
 d - a flux talisman
Wands
 D - a wand of paralysis (2)
 P - a wand of polymorph (8)
 R - a wand of digging (7)
Scrolls
 n - a scroll of butterflies {unknown}
 o - 2 scrolls of immolation {unknown}
 p - a scroll of revelation {unknown}
 q - 3 scrolls of enchant weapon {unknown}
 s - 6 scrolls of teleportation {unknown}
 w - a scroll of fog {unknown}
 x - 4 scrolls of identify {unknown}
 E - a scroll of noise {unknown}
 H - 4 scrolls of blinking {unknown}
 N - a scroll of vulnerability {unknown}
Potions
 e - 2 potions of enlightenment
 f - a potion of resistance
 g - 3 potions of curing
 l - 5 potions of attraction {unknown}
 G - 2 potions of invisibility {unknown}
 I - 3 potions of cancellation {unknown}
 J - a potion of haste {unknown}
 K - 2 potions of ambrosia {unknown}
 L - 2 potions of heal wounds {unknown}
 M - 2 potions of magic {unknown}
 O - a potion of berserk rage {unknown}
 S - a potion of might {unknown}


   Skills:
 + Level 5.1 Fighting
 * Level 7.3 Armour
 + Level 4.5 Dodging
 * Level 6.4 Shields
 * Level 7.3 Unarmed Combat
 * Level 8.3 Shapeshifting


You had 10 spell levels left.
You didn't know any spells.
Your spell library contained the following spells:

 Spells                   Type           Power      Damage    Failure   Level
 Shock                    Conj/Air       0%         1d3       93%         1
 Call Imp                 Summ           0%         N/A       98%         2
 Sublimation of Blood     Necr           0%         N/A       98%         2
 Stone Arrow              Conj/Erth      0%         3d7       100%        3
 Airstrike                Air            0%         2d(0-16)  100%        4
 Animate Armour           Summ/Erth      0%         N/A       100%        4
 Summon Hydra             Summ           0%         N/A       100%        7
 Lehudib's Crystal Spear  Conj/Erth      0%         10d2      100%        8
 Swiftness                Air            Unusable   N/A       N/A         3

Dungeon Overview and Level Annotations

Branches:
Dungeon (10/15)            Temple (1/1) D:7             Orc (2/2) D:9
Ossuary (visited)
   Lair: D:8-11         Elf: Orc:2

Altars:
Ashenzari
Cheibriados
Elyvilon
Fedhas
Gozag
Hepliaklqana
Kikubaaqudgha
Makhleb
Nemelex Xobeh
Okawaru
Qazlal
Ru
Sif Muna
Trog
Uskayaw
Vehumet
Wu Jian
Xom
Yredelemnul
Zin
The Shining One

Annotations:
D:4 2 transporters, gummybears's ghost, novice GnSu
D:5 1 runed translucent door, Crazy Yiuf
D:9 Erolcha
Orc:2 Rupert


Innate Abilities, Weirdness & Mutations

You are a hulking beast.
Your limbs bulge with bestial killing power. (Slay +4)
You cannot be hasted, slowed, berserked, paralysed or teleported.
You can dig through walls and to a lower floor.
You have a pair of large antennae on your head. (SInv)
You are somewhat unskilled. (-1 Apt)
Your four strong arms can wield two-handed weapons with a shield.


Message History

The two-headed ogre is moderately wounded.
You block the two-headed ogre's attack.
The two-headed ogre hits you with a +0 giant club!
You hit the two-headed ogre.
The two-headed ogre is moderately wounded.
You hit the two-headed ogre.
The two-headed ogre is heavily wounded.
You block the two-headed ogre's attack. x2
You barely miss the two-headed ogre.
The two-headed ogre is heavily wounded.
The two-headed ogre hits you with a +0 giant club!
You block the two-headed ogre's attack.
You hit the two-headed ogre.
The two-headed ogre is heavily wounded.
You hit the two-headed ogre.
The two-headed ogre is heavily wounded.
You block the two-headed ogre's attack.
The two-headed ogre hits you with a +0 giant club.
You punch the two-headed ogre!
The two-headed ogre is severely wounded.
The two-headed ogre hits you with a +0 giant club!!
* * * LOW HITPOINT WARNING * * *
You block the two-headed ogre's attack.
You are too injured to fight recklessly!
You are too injured to fight recklessly!
You hit the two-headed ogre.
The two-headed ogre is severely wounded.
You hit the two-headed ogre.
The two-headed ogre is almost dead.
The two-headed ogre hits you but does no damage.
You block the two-headed ogre's attack.
You barely miss the two-headed ogre.
The two-headed ogre is almost dead.
You block the two-headed ogre's attack. x2
You hit the two-headed ogre.
The two-headed ogre is almost dead.
You hit the two-headed ogre.
The two-headed ogre is almost dead.
The two-headed ogre hits you with a +0 giant club!!
You die...

#.........# #.........#
#.........# #### #........>#
#... #.........# ...
###########.........# ..##
#...................#####...#
#.....................#
#...####...hO.........# #...#
#....#######......_. #...#
#....# #...##...
#####...####....# #...# .
#...............# #.....
#....<.....###### .O...##
#........).# ......
#.#######..# ....#..
#.#######..#


You could see a two-headed ogre.

Vanquished Creatures
  Nergalle (Orc:1)
  Joseph (D:8)
  A vampire (D:8)
  Sigmund (D:4)
  A shadow (D:9)
  2 steam dragons
  Menkaure (D:7)
  3 vampire mosquitoes (D:7)
  An acid dragon (D:9)
  Edmund (D:6)
  2 water moccasins
  A sky beast (D:8)
  4 orc warriors
  3 ogres (D:5)
  4 centaurs
  3 phantoms
  A weeping skull (Ossuary)
  2 bullfrogs
  A gnoll sergeant (D:5)
  3 water moccasin zombies (Ossuary)
  3 scorpions
  9 wights
  A howler monkey (D:6)
  A hound (D:5)
  2 jellies
  9 orc priests
  A gnoll bouda (D:6)
  A sleepcap (D:7)
  Jessica (D:3)
  4 iguanas
  Ijyb (D:5)
  Natasha (thrice) (D:3 D:2)
  10 orc wizards
  A bullfrog simulacrum (Ossuary)
  2 crocodile zombies (Ossuary)
  2 mummies (Ossuary)
  15 gnolls
  6 adders
  3 ribbon worms
  A shadow imp (D:5)
  2 white imps
  4 ufetubi
  4 adder zombies (Ossuary)
  2 dart slugs
  40 orcs
  4 bats
  6 endoplasms
  4 giant cockroaches
  7 goblins
  3 hobgoblins
  2 jackals
  9 kobolds
  5 quokkas
  6 ball pythons
  4 frilled lizards (D:2)
  9 gnoll zombies (Ossuary)
  5 jackal zombies (Ossuary)
  7 orc zombies (Ossuary)
  7 rats
  2 rat zombies (D:6)
245 creatures vanquished.

Vanquished Creatures (others)
  An arcanist (D:5)
1 creature vanquished.

Grand Total: 246 creatures vanquished

Notes
Turn   | Place    | Note
-------+----------+-------------------------------------------
     0 | D:1      | browni3141 the Formicid Shapeshifter began the quest for
                  | the Orb.
     0 | D:1      | Reached XP level 1. HP: 15/15 MP: 1/1
   200 | D:1      | Reached XP level 2. HP: 19/21 MP: 2/2
   324 | D:1      | Reached skill level 4 in Shapeshifting
   749 | D:1      | Reached XP level 3. HP: 23/26 MP: 3/3
  1398 | D:2      | Reached XP level 4. HP: 32/32 MP: 4/4
  1406 | D:2      | Reached skill level 5 in Shapeshifting
  1712 | D:2      | Found a faded altar of an unknown god.
  2639 | D:3      | Reached XP level 5. HP: 37/37 MP: 5/5
  2689 | D:3      | Noticed Jessica
  2698 | D:3      | Killed Jessica
  2995 | D:3      | Found a faded altar of an unknown god.
  3000 | D:3      | Found a snail-covered altar of Cheibriados.
  3025 | D:3      | Found a glowing silver altar of Zin.
  3206 | D:3      | Found a hide-covered altar of Uskayaw.
  3208 | D:3      | Noticed Natasha
  3231 | D:3      | Killed Natasha
  3232 | D:3      | Reached skill level 1 in Armour
  3388 | D:3      | Noticed Natasha
  3450 | D:2      | Killed Natasha
  3609 | D:2      | Found a faded altar of an unknown god.
  3961 | D:2      | Noticed Natasha
  3970 | D:2      | Killed Natasha
  3971 | D:2      | Reached XP level 6. HP: 42/43 MP: 6/6
  3994 | D:4      | Noticed Sigmund
  4017 | D:4      | Killed Sigmund
  4021 | D:4      | Reached XP level 7. HP: 50/50 MP: 7/7
  4228 | D:4      | Identified the +2 pair of gloves of Pride {Harm rF+ Regen+}
  4240 | D:4      | Reached skill level 6 in Shapeshifting
  5035 | D:4      | Found a transporter.
  5036 | D:4      | Noticed a steam dragon
  5038 | D:4      | Noticed gummybears's ghost (novice GnSu)
  5038 | D:4      | Found a transporter.
  5574 | D:5      | Entered Level 5 of the Dungeon
  5740 | D:5      | Reached XP level 8. HP: 53/57 MP: 8/8
  5927 | D:5      | Noticed Ijyb
  5961 | D:5      | Killed Ijyb
  6027 | D:5      | Reached skill level 5 in Unarmed Combat
  6167 | D:5      | Found a bloodstained altar of Trog.
  6388 | D:5      | Noticed a wizard
  6390 | D:5      | Killed a wizard
  6468 | D:5      | Reached skill level 7 in Shapeshifting
  6534 | D:5      | Reached skill level 5 in Armour
  6534 | D:5      | Reached XP level 9. HP: 49/63 MP: 9/9
  6800 | D:5      | Found a runed translucent door.
  6801 | D:5      | Noticed Crazy Yiuf
  7108 | D:5      | Reached skill level 1 in Shields
  7208 | D:6      | Found a sand-covered staircase.
  7220 | Ossuary  | Entered an ossuary
  7976 | D:6      | Noticed Edmund
  8127 | D:6      | Killed Edmund
  8790 | D:7      | Reached skill level 8 in Shapeshifting
  8799 | D:7      | Reached XP level 10. HP: 48/73 MP: 10/10
  9016 | D:7      | Found a staircase to the Ecumenical Temple.
  9025 | Temple   | Entered the Ecumenical Temple
  9030 | Temple   | Became a worshipper of Ru the Awakened
  9094 | D:7      | Reached skill level 5 in Shields
  9150 | D:7      | Reached skill level 5 in Fighting
  9201 | D:7      | Noticed Menkaure
  9206 | D:7      | Killed Menkaure
  9828 | D:8      | Noticed Joseph
  9837 | D:8      | Killed Joseph
  9878 | D:8      | Identified the +2 leather armour "Qewnec" {Fly Str+4 Int+4}
 10128 | D:8      | Found a shimmering blue altar of Sif Muna.
 10399 | D:9      | Noticed Erolcha
 10475 | D:9      | Found a staircase to the Orcish Mines.
 10523 | Orc:1    | Entered Level 1 of the Orcish Mines
 10523 | Orc:1    | Noticed Nergalle
 10554 | Orc:1    | Killed Nergalle
 10555 | Orc:1    | Reached skill level 9 in Shapeshifting
 10555 | Orc:1    | Reached XP level 11. HP: 10/80 MP: 11/11
 10560 | Orc:1    | HP: 4/80 [poisoned by Nergalle]
 11014 | Orc:1    | Noticed an orc knight
 11025 | Orc:1    | Gained mutation: You are somewhat unskilled. (-1 Apt) [Ru
                  | sacrifice]
 11025 | Orc:1    | Reduced skill Shapeshifting to level 8
 11025 | Orc:1    | Reached * piety under Ru
 11040 | Orc:2    | Entered Level 2 of the Orcish Mines
 11043 | Orc:2    | Noticed Rupert
 11129 | D:10     | Entered Level 10 of the Dungeon
 11249 | D:10     | Found an iron altar of Okawaru.
 11250 | D:10     | Noticed a two-headed ogre
 11276 | D:10     | Mangled by a two-headed ogre

Illustrated notes

Levels and vault maps discovered:
D:1:      dpeg_arrival_brainrot, layout_basic, chequers_serial_rivers_micro_e
D:2:      layout_basic, shapermc_ecumenical_altar_acropolis, minivault_5,
          st_stairs_2, minmay_small_reverse_x
D:3:      layout_loops_ring, mainiacjoe_overflow_alcove_2,
          nicolae_overflow_ecumenical_swirl, mainiacjoe_overflow_alcove_1,
          uniq_natasha, uniq_jessica
D:4:      layout_layer_cave, gammafunk_ghost_arena, serial_co_window_serial,
          co_window_of_opportunity_a, co_window_paths_a, co_window_cross_1,
          co_window_of_opportunity_a, co_window_paths_a,
          co_window_of_opportunity_c, co_window_2corner, co_window_broadway_b,
          glass_columns_c, glass_columns_a, glass_columns_b, glass_columns_b,
          nicolae_underground_beach, uniq_sigmund
D:5:      layout_basic, trog_wizard, uniq_ijyb, uniq_crazy_yiuf_cottage
D:6:      layout_gridville, enter_ossuary_4, uniq_edmund
D:7:      layout_basic, minmay_temple_entry_proselytizer, uniq_menkaure
D:8:      layout_rooms, tgw_sif, uniq_joseph
D:9:      cheibrodos_two_vegetables, layout_rooms,
          nicolae_dithmenos_through_a_glass_darkly, orc_0_dummy,
          skrybe_limestone_x, uniq_erolcha
D:10:     layout_small_grid, mainiacjoe_overflow_small_starburst
Temple:   nicolae_temple_bog_church
Orc:1:    layout_diamond_mine, uniq_nergalle
Orc:2:    st_orc_ogre_mass, layout_diamond_mine, nicolae_orc_flooded_monolith,
          uniq_nessos, uniq_rupert

Skill      XL: |  1  2  3  4  5  6  7  8  9 10 11 |
---------------+----------------------------------+-----
Shapeshifting  | 4 5 6 7 8 9 8 |  8.3
Armour         | 1 2 3 5 6 7 7 |  7.3
Dodging        | 2 3 4 |  4.5
Fighting       | 2 3 4 5 |  5.1
Unarmed Combat | 4 5 6 7 7 |  7.3
Shields        | 4 6 6 |  6.4

Action                     |  1- 3 |  4- 6 |  7- 9 | 10-12 || total
---------------------------+-------+-------+-------+-------++-------
  Melee: Unarmed           |    50 |    73 |   518 |   250 ||   891
         Dagger            |    21 |       |       |       ||    21
         Punch             |       |       |     7 |       ||     7
   Fire: Sling             |     6 |    38 |    30 |     5 ||    79
 Invoke: Sacrifice Skill   |       |       |       |     1 ||     1
Ability: Dig               |       |     2 |     9 |     6 ||    17
  Evoke: Wand              |       |       |     9 |    23 ||    32
    Use: Potion            |       |     1 |     4 |       ||     5
   Stab: Sleeping          |     1 |       |       |       ||     1
         Paralysed         |       |       |    14 |     6 ||    20
 Armour: Animal skin       |    20 |       |       |       ||    20
         Ring mail         |    15 |    12 |       |       ||    27
         Chain mail        |       |    48 |   201 |       ||   249
         Skin              |       |     5 |     1 |       ||     6
         Scale mail        |       |       |    13 |    82 ||    95
  Dodge: Dodged            |    29 |    35 |   107 |    65 ||   236
  Block: Other             |       |     6 |    42 |       ||    48
         Kite shield       |       |       |   164 |   190 ||   354
         Reflection        |       |       |       |     6 ||     6

Table legend: (Time is in decaauts)
 A = Elapsed time spent in this place.
 B = Non-inter-level travel time spent in this place.
 C = Inter-level travel time spent in this place.
 D = Time resting spent in this place.
 E = Time spent auto-exploring this place.
 F = Levels seen in this place.
 G = Mean time per level.
                   A        B        C        D        E       F      G
               +--------+--------+--------+--------+--------+-----+--------+
         Total |  11300 |  10804 |    496 |    816 |   7530 |  14 |  807.1 |
       Dungeon |  10431 |   9939 |    492 |    578 |   7252 |  10 | 1043.1 |
        Temple |     10 |      6 |      4 |      0 |      0 |   1 |   10.0 |
  Orcish Mines |    528 |    528 |      0 |    238 |    138 |   2 |  264.0 |
       Ossuary |    330 |    330 |      0 |      0 |    140 |   1 |  330.0 |
               +--------+--------+--------+--------+--------+-----+--------+

Top non-repeatable levels by time:
     D:2: 1831 daAuts
     D:5: 1597 daAuts
     D:4: 1565 daAuts
     D:7: 1242 daAuts
     D:3: 1106 daAuts
     D:1: 1068 daAuts
     D:6: 973 daAuts
   Orc:1: 523 daAuts
     D:8: 507 daAuts
     D:9: 392 daAuts
 Ossuary: 330 daAuts
    D:10: 146 daAuts
  Temple: 10 daAuts
   Orc:2: 4 daAuts
